 Dungeon Crawl Stone Soup version 0.19-a0-1886-gd64a0f0 (webtiles) character file.

128 Naow the Shield-Bearer (level 5, -4/41 HPs)
             Began as a Formicid Fighter on Oct 16, 2016.
             Slain by an ogre
             ... wielding a +0 giant spiked club
              (20 damage)
             ... on level 2 of the Dungeon.
             The game lasted 00:03:09 (1450 turns).

Naow the Shield-Bearer (Formicid Fighter)           Turns: 1450, Time: 00:03:10

Health: -4/41      AC:  7    Str: 22    XL:     5   Next: 33%
Magic:  5/5        EV:  8    Int:  7    God:
Gold:   128        SH: 10    Dex: 10    Spells: 0 memorised, 4 levels left

rFire  . . .     SeeInvis +     a - +0 war axe
rCold  . . .     Gourm    .     b - +0 scale mail
rNeg   . . .     Faith    .     c - +0 shield
rPois  .         Spirit   .     (helmet unavailable)
rElec  .         Dismiss  .     (no cloak)
rCorr  .         Reflect  .     (no gloves)
MR     .....     Harm     .     (no boots)
Stlth  ..........               (no amulet)
                                (no ring)
                                (no ring)

@: no status effects
A: permanent stasis, dig shafts and tunnels, four strong arms, antennae 3
a: Dig, Shaft Self


You were on level 2 of the Dungeon.
You were not hungry.

You visited 1 branch of the dungeon, and saw 3 of its levels.

You collected 128 gold pieces.

Inventory:

Hand Weapons
 a - a +0 war axe (weapon)
Armour
 b - a +0 scale mail (worn)
 c - a +0 shield (worn)
Scrolls
 h - 4 scrolls of remove curse {unknown}
 j - 2 scrolls of enchant armour {unknown}
 k - 2 scrolls of identify {unknown}
 m - a scroll of amnesia {unknown}
 n - a scroll of fog {unknown}
 o - a scroll of noise {unknown}
Potions
 d - 2 potions of might
 e - a potion of cure mutation {unknown}
 l - a potion of flight {unknown}
 q - a potion of invisibility {unknown}
Comestibles
 f - 2 bread rations
 g - a chunk of flesh
 i - 2 meat rations
 p - a beef jerky


   Skills:
 - Level 3.2 Fighting
 + Level 3.2 Axes
 + Level 4.6 Armour
 + Level 4.8 Shields


You had 4 spell levels left.
You didn't know any spells.

Dungeon Overview and Level Annotations

Branches:
Dungeon (3/15)

Altars:
Nemelex Xobeh
Vehumet


Innate Abilities, Weirdness & Mutations

You are under a permanent stasis effect.
You can dig through walls and to a lower floor.
Your four strong arms can wield two-handed weapons with a shield.
You have a pair of large antennae on your head. (SInv)


Message History

You hit the gnoll.
You kill the gnoll!
You hit the ogre.
The ogre is lightly wounded.
The ogre hits you with a giant spiked club.
You hit the ogre.
The ogre is moderately wounded.
The ogre barely misses you.
You hit the ogre but do no damage.
The ogre is moderately wounded.
You block the ogre's attack.
You barely miss the ogre.
The ogre is moderately wounded.
The ogre hits you with a giant spiked club!
There is a stone staircase leading up here.
The ogre completely misses you.
You climb upwards.
There is a stone staircase leading down here.
The ogre hits you with a giant spiked club!!
You die...

###.##
#..###.#.##..........####
###.#
##.....#.#......)....#
##..#
#####.#.#...........#
#..## #...............#
#.## #...............##
..# ##................#
.## #.................#
##
####.>O.....รท........#
#...)..@....>........#
#....................#
#.........>..........#
#................<..##
#.....#.....##.....##
#.....##############
#######


You could see an ogre.

Vanquished Creatures
  2 gnolls (D:3)
  5 adders
  An ooze (D:2)
  3 leopard geckos
  A ball python (D:3)
  5 giant cockroaches
  6 hobgoblins
  4 jackals
  A quokka (D:3)
  8 bats
  3 frilled lizards
  4 goblins (D:1)
  10 kobolds
  5 rats
58 creatures vanquished.

Notes
Turn   | Place    | Note
-------+----------+-------------------------------------------
     0 | D:1      | Naow the Formicid Fighter began the quest for the Orb.
     0 | D:1      | Reached XP level 1. HP: 18/18 MP: 1/1
    66 | D:1      | Reached XP level 2. HP: 24/24 MP: 2/2
   493 | D:2      | Reached XP level 3. HP: 29/29 MP: 3/3
   686 | D:2      | Reached XP level 4. HP: 33/35 MP: 4/4
   864 | D:2      | Found a radiant altar of Vehumet.
  1131 | D:3      | Reached XP level 5. HP: 36/41 MP: 5/5
  1175 | D:3      | Found a sparkling altar of Nemelex Xobeh.
  1230 | D:3      | Noticed an ogre
  1450 | D:2      | Slain by an ogre

Vault maps used:
D:1:      dpeg_arrival_erosion
D:2:      lemuel_round_altar
D:3:      nemelex_altar_shiori

Skill      XL: |  1  2  3  4 |
---------------+-------------+-----
Shields        | 4 |  4.8
Armour         | 4 |  4.6
Axes           | 3 |  3.2
Fighting       | |  3.2

Action                   |  1- 3 |  4- 6 || total
-------------------------+-------+-------++-------
Melee: War axe           |   106 |    90 ||   196
  Eat: Chunk             |       |     2 ||     2
Armor: Scale mail        |    44 |    35 ||    79
Dodge: Dodged            |    42 |    43 ||    85
Block: Shield            |    58 |    72 ||   130
